3AAA
RAPPAHANNOCK PARTISANS @ WARWICK HUNCHBACKS
05/30/2017
 
TOP OF THE 1ST
Rappahannock Partisans batting - Pitching for Warwick Hunchbacks : RHP Willie Cameron
Pitching: RHP Willie Cameron
Batting: RHB Bill Taylor 0-0: Ball
1-0: Foul Ball, location: 2F
1-1: Ball
2-1: Swinging Strike
2-2: Foul Ball, location: 2F
2-2: Strikes out looking
Batting: LHB Alfonso López 0-0: Ball
1-0: Ball
2-0: Ground out 6-3 (Groundball, 6M)
Batting: RHB Tom Baker 0-0: Ball
1-0: Called Strike
1-1: Swinging Strike
1-2: Ball
2-2: Ball
3-2: Base on Balls
Batting: SHB Omar Gutiérrez 0-0: Ball
1-0: Ball
2-0: Called Strike
2-1: Reached on error, E3 (Groundball, 3)
Tom Baker to second
Batting: RHB Matt Sheppard 0-0: Ball
1-0: Foul Ball, location: 2F
1-1: Foul Ball, location: 2F
1-2: Strikes out swinging
Top of the 1st over - 0 run(s), 0 hit(s), 1 error(s), 2 left on base; Rappahannock 0 - Warwick 0
BOTTOM OF THE 1ST
Warwick Hunchbacks batting - Pitching for Rappahannock Partisans : RHP Seth Rice
Pitching: RHP Seth Rice
Batting: RHB Eric Russell 0-0: Ball
1-0: Ball
2-0: Called Strike
2-1: Ball
3-1: Foul Ball, location: 2F
3-2: Foul Ball, location: 2F
3-2: SINGLE (Line Drive, 34D)
Batting: RHB Chris Riles 0-0: Ball
1-0: Fly out, F8 (Line Drive, 8LM)
Batting: RHB Nick McKnight 0-0: Called Strike
0-1: Fly out, F8 (Flyball, 8RM)
Batting: LHB Ted Cracknell 0-0: Ball
1-0: Foul Ball, location: 2F
1-1: Foul Ball, location: 2F
1-2: Fielders Choice at 2nd, U6 (Groundball, 6M)
Bottom of the 1st over - 0 run(s), 1 hit(s), 0 error(s), 1 left on base; Rappahannock 0 - Warwick 0
TOP OF THE 2ND
Rappahannock Partisans batting - Pitching for Warwick Hunchbacks : RHP Willie Cameron
Batting: RHB Mark Dayment 0-0: Ball
1-0: Called Strike
1-1: Foul Ball, location: 2F
1-2: Foul Ball, location: 2F
1-2: Ball
2-2: Foul Ball, location: 2F
2-2: Ball
3-2: Base on Balls
Batting: RHB Jesús Murillo 0-0: Called Strike
0-1: Ball
1-1: Foul Ball, location: 2F
1-2: Strikes out looking
Batting: LHB Miguel Mendoza 0-0: Foul Ball, location: 2F
0-1: Foul Ball, location: 2F
0-2: Strikes out swinging
Batting: RHB Ángel Ruezga 0-0: Ball
Wild Pitch!
Mark Dayment to second
1-0: Fly out, F8 (Flyball, 8RM)
Top of the 2nd over - 0 run(s), 0 hit(s), 0 error(s), 1 left on base; Rappahannock 0 - Warwick 0
BOTTOM OF THE 2ND
Warwick Hunchbacks batting - Pitching for Rappahannock Partisans : RHP Seth Rice
Batting: RHB Julián Rocha 0-0: Foul Ball, location: 2F
0-1: SINGLE (Line Drive, 6MD)
Batting: RHB Freddy Scott 0-0: Ball
1-0: SINGLE (Line Drive, 78S)
Julián Rocha to second
Batting: LHB David Barrett 0-0: Ball
1-0: Ball
2-0: Swinging Strike
2-1: Grounds into double play, 4-6-3 (Groundball, 4)
Julián Rocha to third
Pitching: RHP Gilberto Ibarra
Batting: RHB Jim Browning 0-0: Called Strike
0-1: Swinging Strike
0-2: Ball
1-2: Ball
2-2: Foul Ball, location: 2F
2-2: Ball
3-2: Foul Ball, location: 2F
3-2: Fly out, F6 (Line Drive, 56)
Bottom of the 2nd over - 0 run(s), 2 hit(s), 0 error(s), 1 left on base; Rappahannock 0 - Warwick 0
TOP OF THE 3RD
Rappahannock Partisans batting - Pitching for Warwick Hunchbacks : RHP Willie Cameron
Batting: RHB Bill Taylor 0-0: Foul Ball, location: 2F
0-1: Ground out 5-3 (Groundball, 5)
Batting: LHB Alfonso López 0-0: Ball
1-0: Called Strike
1-1: Called Strike
1-2: Ball
2-2: Strikes out swinging
Batting: RHB Tom Baker 0-0: Called Strike
0-1: Swinging Strike
0-2: Ground out 5-3 (Groundball, 56)
Top of the 3rd over - 0 run(s), 0 hit(s), 0 error(s), 0 left on base; Rappahannock 0 - Warwick 0
BOTTOM OF THE 3RD
Warwick Hunchbacks batting - Pitching for Rappahannock Partisans : RHP Gilberto Ibarra
Batting: LHB Javier Pérez 0-0: Ball
1-0: Ball
2-0: Called Strike
2-1: SINGLE (Groundball, 56D)
Batting: RHB Eric Russell 0-0: Called Strike
0-1: Foul Ball, location: 2F
0-2: SINGLE (Groundball, 4MD)
Javier Pérez to second
Javier Pérez to third
Batting: RHB Chris Riles 0-0: Ball
1-0: Swinging Strike
1-1: SINGLE (Line Drive, 8LS)
Javier Pérez scores
Eric Russell to second
Batting: RHB Nick McKnight 0-0: Ball
1-0: Fly out, F8 (Flyball, 8LM)
Batting: LHB Ted Cracknell 0-0: Ball
1-0: Ball
2-0: Ball
3-0: Base on Balls
Eric Russell to third
Chris Riles to second
Batting: RHB Julián Rocha 0-0: Ball
1-0: Ball
2-0: Ball
3-0: Base on Balls
Eric Russell scores
Chris Riles to third
Ted Cracknell to second
Batting: RHB Freddy Scott 0-0: Called Strike
0-1: DOUBLE (Flyball, 89D)
Chris Riles scores
Ted Cracknell scores
Julián Rocha to third
Pitching: RHP Brian Bradley
Batting: LHB David Barrett 0-0: Ground out 4-3 (Groundball, 4M)
Julián Rocha scores
Freddy Scott to third
Batting: RHB Jim Browning 0-0: Ball
1-0: Ball
2-0: Called Strike
2-1: Foul Ball, location: 2F
2-2: Ball
3-2: Base on Balls
Batting: LHB Javier Pérez 0-0: Called Strike
0-1: Foul Ball, location: 2F
0-2: Ball
1-2: Ball
2-2: Foul Ball, location: 2F
2-2: Ground out 4-3 (Groundball, 4S)
Bottom of the 3rd over - 5 run(s), 4 hit(s), 0 error(s), 2 left on base; Rappahannock 0 - Warwick 5
TOP OF THE 4TH
Rappahannock Partisans batting - Pitching for Warwick Hunchbacks : RHP Willie Cameron
Batting: SHB Omar Gutiérrez 0-0: Ball
1-0: Ball
2-0: Ball
3-0: Base on Balls
Batting: RHB Matt Sheppard 0-0: Called Strike
0-1: Ball
1-1: Swinging Strike
1-2: Strikes out swinging
Batting: RHB Mark Dayment 0-0: Ball
1-0: Fly out, F9 (Flyball, 89M)
Batting: RHB Jesús Murillo 0-0: Called Strike
Omar Gutiérrez steals 2nd base
0-1: Called Strike
0-2: Ball
1-2: Foul Ball, location: 2F
1-2: Foul Ball, location: 2F
1-2: Ball
2-2: Strikes out swinging
Top of the 4th over - 0 run(s), 0 hit(s), 0 error(s), 1 left on base; Rappahannock 0 - Warwick 5
BOTTOM OF THE 4TH
Warwick Hunchbacks batting - Pitching for Rappahannock Partisans : RHP Brian Bradley
Batting: RHB Eric Russell 0-0: Ball
1-0: Swinging Strike
1-1: Ball
2-1: Swinging Strike
2-2: Ball
3-2: Foul Ball, location: 2F
3-2: Fly out, F9 (Flyball, 9S)
Pitching: RHP Lindsay Turner
Batting: RHB Chris Riles 0-0: Swinging Strike
0-1: Swinging Strike
0-2: Strikes out swinging
Batting: RHB Nick McKnight 0-0: Foul Ball, location: 2F
0-1: Ball
1-1: Ball
2-1: Fly out, F8 (Flyball, 8RM)
Bottom of the 4th over - 0 run(s), 0 hit(s), 0 error(s), 0 left on base; Rappahannock 0 - Warwick 5
TOP OF THE 5TH
Rappahannock Partisans batting - Pitching for Warwick Hunchbacks : RHP Willie Cameron
Batting: LHB Miguel Mendoza 0-0: Swinging Strike
0-1: Ball
1-1: Ball
2-1: SINGLE (Flyball, 89S)
Batting: RHB Ángel Ruezga 0-0: Called Strike
0-1: Foul Ball, location: 2F
0-2: Strikes out looking
Batting: RHB Bill Taylor 0-0: Swinging Strike
0-1: Ball
1-1: Ball
2-1: SINGLE (Groundball, 56)
Miguel Mendoza to second
Batting: LHB Alfonso López 0-0: Ball
1-0: Foul Ball, location: 2F
1-1: Ball
2-1: Ball
3-1: Fielders Choice at 2nd, 4-6 (Groundball, 4)
Miguel Mendoza to third
Batting: RHB Tom Baker 0-0: Called Strike
0-1: Swinging Strike
0-2: Ball
1-2: Ball
2-2: Foul Ball, location: 2F
2-2: Ground out 1-3 (Groundball, 23)
Top of the 5th over - 0 run(s), 2 hit(s), 0 error(s), 2 left on base; Rappahannock 0 - Warwick 5
BOTTOM OF THE 5TH
Warwick Hunchbacks batting - Pitching for Rappahannock Partisans : RHP Lindsay Turner
Batting: LHB Ted Cracknell 0-0: Ball
1-0: Swinging Strike
1-1: Ball
2-1: Ball
3-1: Base on Balls
Batting: RHB Julián Rocha 0-0: Ball
1-0: Called Strike
1-1: Ball
2-1: Called Strike
2-2: Grounds into double play, 6-4-3 (Groundball, 6)
Batting: RHB Freddy Scott 0-0: Ball
1-0: Ball
2-0: Foul Ball, location: 2F
2-1: Foul Ball, location: 2F
2-2: Foul Ball, location: 2F
2-2: Ball
3-2: Foul Ball, location: 2F
3-2: Ground out 5-3 (Groundball, 5S)
Bottom of the 5th over - 0 run(s), 0 hit(s), 0 error(s), 0 left on base; Rappahannock 0 - Warwick 5
TOP OF THE 6TH
Rappahannock Partisans batting - Pitching for Warwick Hunchbacks : RHP Willie Cameron
Batting: SHB Omar Gutiérrez 0-0: Ball
1-0: Swinging Strike
1-1: Swinging Strike
1-2: Strikes out swinging
Batting: RHB Matt Sheppard 0-0: Called Strike
0-1: Called Strike
0-2: Strikes out swinging
Batting: RHB Mark Dayment 0-0: DOUBLE (Line Drive, 8LM)
Batting: RHB Jesús Murillo 0-0: Called Strike
0-1: Swinging Strike
0-2: Ball
1-2: Ball
2-2: Strikes out swinging
Top of the 6th over - 0 run(s), 1 hit(s), 0 error(s), 1 left on base; Rappahannock 0 - Warwick 5
BOTTOM OF THE 6TH
Warwick Hunchbacks batting - Pitching for Rappahannock Partisans : RHP Lindsay Turner
Batting: LHB David Barrett 0-0: Ball
1-0: Called Strike
1-1: Ground out 1-3 (Groundball, 13S)
Batting: RHB Jim Browning 0-0: Called Strike
0-1: Hit by Pitch
Batting: LHB Javier Pérez 0-0: Ball
1-0: Ball
2-0: Ball
3-0: Called Strike
3-1: Called Strike
3-2: Base on Balls
Jim Browning to second
Batting: RHB Eric Russell 0-0: Ball
1-0: Ball
2-0: Ball
3-0: Called Strike
3-1: Called Strike
3-2: Fly out, F9 (Flyball, 9S)
Batting: RHB Chris Riles 0-0: Called Strike
0-1: Fly out, F8 (Flyball, 8RM)
Bottom of the 6th over - 0 run(s), 0 hit(s), 0 error(s), 2 left on base; Rappahannock 0 - Warwick 5
TOP OF THE 7TH
Rappahannock Partisans batting - Pitching for Warwick Hunchbacks : RHP Willie Cameron
Batting: LHB Miguel Mendoza 0-0: Ball
1-0: Ball
2-0: Ball
3-0: Base on Balls
Batting: RHB Ángel Ruezga 0-0: Called Strike
0-1: Foul Ball, location: 2F
0-2: Ball
1-2: Ball
2-2: Foul Ball, location: 2F
2-2: SINGLE (Groundball, 4MD)
Miguel Mendoza to second
Batting: RHB Bill Taylor 0-0: Called Strike
0-1: Ball
1-1: Foul Ball, location: 2F
1-2: Foul Ball, location: 2F
1-2: SINGLE (Flyball, 9LS)
Miguel Mendoza to third
Ángel Ruezga to second
Runner from 3rd tries for Home, SAFE, throw made home
Ángel Ruezga to third
Bill Taylor to second
Pitching: RHP Victor Powell
Batting: LHB Alfonso López 0-0: Ball
1-0: Foul Ball, location: 2F
1-1: Ball
2-1: Ball
3-1: Foul Ball, location: 2F
3-2: SINGLE (Line Drive, 56D)
Ángel Ruezga scores
Bill Taylor to third
Batting: RHB Tom Baker 0-0: Called Strike
0-1: Ball
1-1: Ball
2-1: Ball
3-1: Called Strike
3-2: Foul Ball, location: 2F
3-2: 3-RUN HOME RUN (Flyball, 7D), Distance : 381 ft
Pitching: RHP Tony García
Batting: SHB Omar Gutiérrez 0-0: Ball
1-0: Ball
2-0: Fly out, F5 (Popup, 6D)
Batting: RHB Matt Sheppard 0-0: Swinging Strike
0-1: Called Strike
0-2: Ball
1-2: Ball
2-2: Ground out 4-3 (Groundball, 4M)
Batting: RHB Mark Dayment 0-0: Ball
1-0: Called Strike
1-1: SOLO HOME RUN (Flyball, 78D), Distance : 413 ft
Batting: RHB Jesús Murillo 0-0: Called Strike
0-1: Fly out, F7 (Flyball, 78M)
Top of the 7th over - 6 run(s), 5 hit(s), 0 error(s), 0 left on base; Rappahannock 6 - Warwick 5
BOTTOM OF THE 7TH
Warwick Hunchbacks batting - Pitching for Rappahannock Partisans : RHP Lindsay Turner
Pitching: RHP Jon Shankle
Batting: RHB Nick McKnight 0-0: Called Strike
0-1: SOLO HOME RUN (Flyball, 78XD), Distance : 410 ft
Pitching: LHP Wyatt Watson
Batting: LHB Ted Cracknell 0-0: Called Strike
0-1: SINGLE (Groundball, 34D)
Pitching: RHP Herman Barnes
Pinch Hitting: RHB Travis Turner 0-0: Called Strike
0-1: Ball
1-1: SINGLE (Line Drive, 6M)
Ted Cracknell to second
Batting: RHB Freddy Scott 0-0: Ball
1-0: Ball
2-0: Called Strike
2-1: Ball
3-1: Fly out, F7 (Flyball, 78M)
Pinch Runner at 2nd Tony Nichols:
Batting: LHB David Barrett 0-0: Called Strike
0-1: Fielders Choice at 2nd, 1-6 (Groundball, 23)
Tony Nichols to third
Pinch Hitting: LHB Luis Robles 0-0: Fly out, F8 (Flyball, 8RXD)
Bottom of the 7th over - 1 run(s), 3 hit(s), 0 error(s), 2 left on base; Rappahannock 6 - Warwick 6
TOP OF THE 8TH
Rappahannock Partisans batting - Pitching for Warwick Hunchbacks : RHP Tony García
Now at 2B: Tony Nichols
Now in LF: Travis Turner
Now in CF: Luis Robles
Batting: LHB Miguel Mendoza 0-0: Called Strike
0-1: Foul Ball, location: 2F
0-2: Strikes out swinging
Pinch Hitting: RHB Félix Flores 0-0: Ground out 4-3 (Groundball, 4)
Batting: RHB Bill Taylor 0-0: Ball
1-0: Swinging Strike
1-1: SINGLE (Flyball, 7LM)
Batting: LHB Alfonso López 0-0: Called Strike
0-1: Foul Ball, location: 2F
0-2: Foul Ball, location: 2F
0-2: Ball
1-2: Foul Ball, location: 2F
1-2: Foul Ball, location: 2F
1-2: Foul Ball, location: 2F
1-2: Foul Ball, location: 2F
1-2: Hit by Pitch
Bill Taylor to second
Batting: RHB Tom Baker 0-0: Called Strike
0-1: Ball
Wild Pitch!
Bill Taylor to third
Alfonso López to second
1-1: Called Strike
1-2: Foul Ball, location: 2F
1-2: Fly out, F8 (Flyball, 8LD)
Top of the 8th over - 0 run(s), 1 hit(s), 0 error(s), 2 left on base; Rappahannock 6 - Warwick 6
BOTTOM OF THE 8TH
Warwick Hunchbacks batting - Pitching for Rappahannock Partisans : RHP Herman Barnes
Now at 3B: Cipriano Oliveira
Pinch Hitting: SHB Cal James 0-0: Called Strike
0-1: Ball
1-1: Fly out, F6 (Popup, 6MD)
Batting: RHB Eric Russell 0-0: SINGLE (Line Drive, 6M)
Pinch Hitting: RHB Octávio Castaneda 0-0: Called Strike
0-1: Foul Ball, location: 2F
0-2: Ball
1-2: Ball
2-2: Strikes out swinging
Batting: RHB Nick McKnight 0-0: Ball
1-0: Called Strike
1-1: Called Strike
1-2: Fly out, F7 (Flyball, 78S)
Bottom of the 8th over - 0 run(s), 1 hit(s), 0 error(s), 1 left on base; Rappahannock 6 - Warwick 6
TOP OF THE 9TH
Rappahannock Partisans batting - Pitching for Warwick Hunchbacks : RHP Tony García
Now at 3B: Cal James
Now in LF: Octávio Castaneda
Batting: SHB Omar Gutiérrez 0-0: Called Strike
0-1: Foul Ball, location: 2F
0-2: DOUBLE (Groundball, 3L)
Batting: RHB Matt Sheppard 0-0: SINGLE (Line Drive, 78S)
Omar Gutiérrez to third
Runner from 3rd tries for Home, SAFE, no throw or cutoff
Pitching: RHP Henry Hart
Batting: RHB Mark Dayment 0-0: Foul Ball, location: 2F
0-1: Foul Ball, location: 2F
0-2: Ball
1-2: Foul Ball, location: 2F
1-2: Foul Ball, location: 2F
1-2: SINGLE (Line Drive, 56D)
Matt Sheppard to second
Batting: RHB Jesús Murillo 0-0: Ball
1-0: Grounds into double play, 4-6-3 (Groundball, 4)
Matt Sheppard to third
Batting: LHB Miguel Mendoza 0-0: Called Strike
0-1: Foul Ball, location: 2F
0-2: Ball
1-2: Strikes out looking
Top of the 9th over - 1 run(s), 3 hit(s), 0 error(s), 1 left on base; Rappahannock 7 - Warwick 6
BOTTOM OF THE 9TH
Warwick Hunchbacks batting - Pitching for Rappahannock Partisans : RHP Herman Barnes
Now at C: Eduardo Manuel
Pinch Hitting: RHB George Barnes 0-0: Ball
1-0: Foul Ball, location: 2F
1-1: Ball
2-1: Swinging Strike
2-2: Ball
3-2: Strikes out swinging
Batting: RHB Travis Turner 0-0: Foul Ball, location: 2F
0-1: Called Strike
0-2: Ball
1-2: SINGLE (Popup, 3D)
Batting: RHB Freddy Scott 0-0: Ball
1-0: Ball
2-0: Foul Ball, location: 2F
2-1: Ball
3-1: Swinging Strike
3-2: Base on Balls
Travis Turner to second
Pinch Hitting: SHB Pat Johnston 0-0: Ball
1-0: Ball
2-0: Called Strike
2-1: Foul Ball, location: 2F
2-2: Strikes out looking
Pitching: LHP Monte Conner
Batting: LHB Luis Robles 0-0: Ball
1-0: DOUBLE (Line Drive, 8RS)
Travis Turner scores
Freddy Scott to third
Batting: SHB Cal James 0-0: Called Strike
0-1: Foul Ball, location: 2F
0-2: Hit by Pitch
Batting: RHB Eric Russell 0-0: GRAND SLAM HOME RUN (Flyball, 9D), Distance : 349 ft
This league is powered by Out of the Park Baseball, the baseball management simulation game for PC, Mac and Linux
Saturday, February 27th, 2021 - OOTP Baseball 15.6 Build 34